 Dungeon Crawl Stone Soup version 0.26-a0-651-gb41185065b (webtiles) character file.

Game seed: 8662798674729814035

33511 Irenicus the Earth Mage (level 13, -1/94 HPs)
             Began as a Deep Dwarf Earth Elementalist on Oct 5, 2020.
             Was the Champion of Makhleb.
             Slain by a salamander
             ... wielding a +0 trident
              (3 damage)
             ... in a volcano.
             The game lasted 01:30:30 (9288 turns).

Irenicus the Earth Mage (DDEE)                      Turns: 9288, Time: 01:30:31

Health: -1/94      AC: 12    Str: 12    XL:     13   Next: 37%
Magic:  5/25       EV: 16    Int: 21    God:    Makhleb [******]
Gold:   561        SH:  5    Dex: 18    Spells: 19/31 levels left

rFire    + . .     SeeInvis +   D - +8 spear of the Unkillable {vorpal, rPois Dex+5}
rCold    . . .     Faith    .   l - +0 buckler (curse)
rNeg     + . .     Spirit   .   y - +2 leather armour {rF+}
rPois    +         Reflect  .   (no helmet)
rElec    .         Harm     .   w - +1 cloak
rCorr    .         Rampage  .   A - +0 pair of gloves
MR       +....                  Y - +0 pair of boots (curse)
Stlth    ++........             Q - amulet of magic regeneration
HPRegen  0.00/turn              O - ring of see invisible {sInv, !d}
MPRegen  0.44/turn              S - ring of positive energy {rN+}

@: non-regenerating
A: damage resistance, heal wounds, sense surroundings 2, no regeneration
a: Heal Wounds, Minor Destruction, Lesser Servant of Makhleb, Major Destruction,
Greater Servant of Makhleb, Renounce Religion


You were in a volcano.
You worshipped Makhleb.
Makhleb was exalted by your worship.
You visited 3 branches of the dungeon, and saw 15 of its levels.
You also visited: Sewer and Volcano.

You collected 1237 gold pieces.
You spent 676 gold pieces at shops.

Inventory:

Hand Weapons
 D - the +8 spear of the Unkillable (weapon) {vorpal, rPois Dex+5}
   (You took it off an orc on level 9 of the Dungeon)

   It inflicts extra damage upon your enemies.
   It affects your dexterity (+5).
   It protects you from poison.
 F - a +0 dagger of speed
   (You took it off an orc wizard on level 5 of the Dungeon)
Missiles
 j - 9 boomerangs
 k - a javelin
 p - 3 curare-tipped darts
 I - 46 stones (quivered)
Armour
 i - a +0 ring mail
   (You found it on level 1 of the Dungeon)
 l - a cursed +0 buckler (worn)
   (You found it on level 9 of the Dungeon)
 w - a +1 cloak (worn)
   (You took it off Crazy Yiuf on level 3 of the Dungeon)
 y - a +2 leather armour of fire resistance (worn)
   (You took it off Ijyb on level 4 of the Dungeon)
 A - a +0 pair of gloves (worn)
   (You found it on level 10 of the Dungeon)
 G - the cursed +1 leather armour of the Kangaroo {rPois Str+4}
   (You found it on level 6 of the Dungeon)

   It affects your strength (+4).
   It protects you from poison.
   It has a curse placed upon it.
 X - the +6 scale mail of Skepticism {Harm +Fly Stlth+}
   (You found it on level 13 of the Dungeon)

   It lets you fly.
   It increases damage dealt and taken.
   It makes you more stealthy.
 Y - a cursed +0 pair of boots (worn)
   (You found it on level 13 of the Dungeon)
Magical Staves
 v - an uncursed staff of earth
   (You acquired it on level 8 of the Dungeon)
 P - an uncursed staff of air {rElec}
   (You found it on level 10 of the Dungeon)
Jewellery
 u - an uncursed amulet of the acrobat
   (You found it on level 3 of the Dungeon)
 O - a ring of see invisible (left hand) {sInv, !d}
   (You found it on level 8 of the Dungeon)
 Q - an amulet of magic regeneration (around neck)
   (You acquired it on level 7 of the Dungeon)
 S - a ring of positive energy (right hand) {rN+}
   (You found it on level 10 of the Dungeon)
 V - an uncursed ring of positive energy {rN+}
   (You found it on level 11 of the Dungeon)
 Z - an uncursed ring of stealth {Stlth+}
   (You found it on level 13 of the Dungeon)
Wands
 E - a wand of digging (3)
   (You took it off Edmund on level 4 of the Dungeon)
 M - a wand of paralysis (11)
   (You found it on level 7 of the Dungeon)
 U - a wand of iceblast (6)
   (You found it on level 11 of the Dungeon)
Scrolls
 a - 2 scrolls of immolation {unknown}
 c - 10 scrolls of remove curse
 d - 2 scrolls of identify
 h - 2 scrolls of random uselessness {unknown}
 r - 2 scrolls of teleportation
 t - 2 scrolls of fear {unknown}
 B - a scroll of blinking {!r}
 C - 3 scrolls of summoning {unknown}
 J - 2 scrolls of holy word {unknown}
 K - a scroll of brand weapon {unknown}
 L - a scroll of amnesia
 N - 2 scrolls of magic mapping {unknown}
 T - a scroll of enchant weapon
 W - a scroll of fog {unknown}
Potions
 b - a potion of might
 e - 2 potions of lignification {!q}
 f - 7 potions of haste
 g - 9 potions of flight
 m - 2 potions of magic
 n - 3 potions of cancellation
 o - 3 potions of stabbing
 q - 2 potions of ambrosia
 x - 4 potions of curing
 z - a potion of brilliance
Miscellaneous
 s - a tin of tremorstones (inert)
   (You found it on level 9 of the Dungeon)


   Skills:
 - Level 2.3 Staves
 - Level 12.0 Armour
 - Level 6.5 Dodging
 - Level 2.4 Stealth
 - Level 4.3 Shields
 + Level 9.5 Spellcasting
 - Level 2.0 Conjurations
 - Level 2.0 Translocations
 - Level 0.8 Transmutations
 - Level 18.0 Earth Magic
 - Level 4.1 Evocations


You had 19 spell levels left.
You knew the following spells:

 Your Spells              Type           Power        Failure   Level
a - Sandblast             Erth           ######       0%          1
g - Apportation           Tloc           ###...       3%          1
w - Passwall              Tmut/Erth      #####...     1%          2
x - Stone Arrow           Conj/Erth      ######       1%          3
z - Lee's Rapid Deconstr  Erth           ######....   1%          5

Your spell library contained the following spells:

 Spells                   Type           Power        Failure   Level
 Petrify                  Tmut/Erth      #####...     1%          4
 Beastly Appendage        Tmut           ##....       6%          1
 Sting                    Tmut/Pois      ##..         7%          1
 Animate Skeleton         Necr           ##....       9%          1
 Corona                   Hex            ##.....      9%          1
 Summon Small Mammal      Summ           ##..         9%          1
 Wereblood                Tmut           ##......     9%          2
 Gell's Gravitas          Tloc           ###.......   11%         3
 Poisonous Vapours        Pois/Air       ##....       12%         2
 Swiftness                Air            ##......     12%         2
 Bolt of Magma            Conj/Fire/Erth #####.....   14%         5
 Mephitic Cloud           Conj/Pois/Air  ##......     19%         3
 Spider Form              Tmut/Pois      ##........   21%         3
 Iron Shot                Conj/Erth      ######....   21%         6
 Ignite Poison            Fire/Tmut/Pois ##......     22%         3
 Confusing Touch          Hex            ##......     24%         3
 Summon Guardian Golem    Hex/Summ       ##......     24%         3
 Ice Form                 Ice/Tmut       ##......     56%         4
 Cause Fear               Hex            ##........   63%         4
 Olgreb's Toxic Radiance  Pois           ##......     63%         4
 Summon Ice Beast         Ice/Summ       ##......     63%         4
 Summon Lightning Spire   Summ/Air       ##......     63%         4
 Iskenderun's Battlesphe  Conj           ###.....     69%         5
 Lightning Bolt           Conj/Air       ##........   83%         5
 Blade Hands              Tmut           ##........   85%         5
 Yara's Violent Unravell  Hex/Tmut       ##........   88%         5
 Metabolic Englaciation   Hex/Ice        ##........   92%         5
 Silence                  Hex/Air        ##........   92%         5
 Orb of Destruction       Conj           ###.......   100%        7
 Spellforged Servitor     Conj/Summ      ##........   100%        7
 Discord                  Hex            ##........   100%        8


Dungeon Overview and Level Annotations

Branches:
Dungeon (13/15)            Temple (1/1) D:4            Lair (0/6) D:8
    Orc (1/2) D:10          Sewer (visited)         Volcano (1/1)
 Vaults: D:13-14

Altars:
Ashenzari
Cheibriados
Fedhas
Gozag
Kikubaaqudgha
Makhleb
Nemelex Xobeh
Okawaru
Qazlal
Uskayaw
Wu Jian
Xom
Yredelemnul
Zin
The Shining One

Shops:
D:7 ?   D:9 (   D:10 (

Annotations:
D:7 scroll of acquirement shop
Orc:1 1 runed translucent door, Mesmaeker13's ghost, journeyman DESu


Innate Abilities, Weirdness & Mutations

You are resistant to damage.
You can heal yourself by infusing magical energy.
You passively map the area around you.
You do not regenerate.


Message History

The salamander mystic is moderately wounded.
You hear a shout!
The salamander hits you from afar with a +0 glaive!
* * * LOW HITPOINT WARNING * * *
You are engulfed in flames.
You resist.
* * * LOW HITPOINT WARNING * * *
You take 11 damage, and have 11/94 hp.
Evoke which item? (* to show all) (? for menu, Esc to quit)
Aiming: Iceblast
Press: ? - help, Shift-Dir - straight line, f/p - salamander
Aim: a salamander, wielding a +0 glaive (severely wounded, fast)
The mass of ice explodes!
The iceblast engulfs the salamander!!
The salamander is frozen!
The salamander is almost dead.
The iceblast engulfs the salamander mystic!
The salamander mystic is frozen!
The salamander mystic is heavily wounded.
The salamander completely misses you.
Evoke which item? (* to show all) (? for menu, Esc to quit)
Aiming: Iceblast
Press: ? - help, Shift-Dir - straight line, f/p - salamander
Aim: a salamander, wielding a +0 glaive (almost dead, fast)
The mass of ice explodes!
The iceblast engulfs the salamander!
The salamander is frozen!
You kill the salamander!
Makhleb accepts your kill.
You feel better.
The iceblast engulfs the salamander mystic!
The salamander mystic is frozen!
The salamander mystic is severely wounded.
A salamander comes into view. It is wielding a +0 trident.
You regained 15 hp, and now have 26/94 hp.
MP restored: 25
Casting: Stone Arrow (safe; 1% risk of failure)
Confirm with . or Enter, or press ? or * to list all spells.
Aiming: Stone Arrow (safe; 1% risk of failure)
Press: ? - help, Shift-Dir - straight line, f - salamander mystic
Aim: a salamander mystic, wielding a +0 scimitar and wearing a cursed +0 robe (severely wounded)
The stone arrow hits the salamander mystic!
The salamander mystic is almost dead.
The salamander mystic points at you and mumbles some strange words.
The bolt of magma hits you! You partially resist.
* * * LOW HITPOINT WARNING * * *
You take 8 damage, and have 18/94 hp.
You now have 22/25 mp.
Casting: Stone Arrow (safe; 1% risk of failure)
Confirm with . or Enter, or press ? or * to list all spells.
Aiming: Stone Arrow (safe; 1% risk of failure)
Press: ? - help, Shift-Dir - straight line, f/p - salamander mystic
Aim: a salamander mystic, wielding a +0 scimitar and wearing a cursed +0 robe (almost dead)
The stone arrow hits the salamander mystic.
The salamander mystic is almost dead.
The salamander mystic casts a spell at the salamander.
The salamander seems to speed up.
A hell knight comes into view.
It is wielding a +1 halberd of flaming and wearing a +2 chain mail of fire resistance.
You now have 19/25 mp.
Casting: Stone Arrow (safe; 1% risk of failure)
Confirm with . or Enter, or press ? or * to list all spells.
Press: ? - help, Dir - move target cursor, p - salamander mystic A rock wall.
The wall shatters!
The blast of rock fragments hits the salamander mystic!!
You kill the salamander mystic!
Makhleb accepts your kill.
You feel better.
The blast of rock fragments hits the salamander!
The salamander is moderately wounded.
You regained 10 hp, and now have 28/94 hp.
You now have 15/25 mp.
Casting: Lee's Rapid Deconstruction (safe; 1% risk of failure)
Confirm with . or Enter, or press ? or * to list all spells.
Aiming: Lee's Rapid Deconstruction (safe; 1% risk of failure)
Press: ? - help, Dir - move target cursor A rock wall.
The wall shatters!
The blast of rock fragments hits the salamander!
The salamander is moderately wounded.
The salamander hits you from afar with a +0 trident!
* * * LOW HITPOINT WARNING * * *
You are engulfed in flames.
You resist.
* * * LOW HITPOINT WARNING * * *
You block the salamander's attack.
You take 15 damage, and have 13/94 hp.
You now have 10/25 mp.
Casting: Lee's Rapid Deconstruction (safe; 1% risk of failure)
Confirm with . or Enter, or press ? or * to list all spells.
Aiming: Stone Arrow (safe; 1% risk of failure)
Press: ? - help, Shift-Dir - straight line, f - salamander
Aim: a salamander, wielding a +0 trident (moderately wounded, fast)
The stone arrow misses the salamander.
The salamander closely misses you.
You now have 8/25 mp.
Casting: Stone Arrow (safe; 1% risk of failure)
Confirm with . or Enter, or press ? or * to list all spells.
Aiming: Stone Arrow (safe; 1% risk of failure)
Press: ? - help, Shift-Dir - straight line, f/p - salamander
Aim: a salamander, wielding a +0 trident (moderately wounded, fast)
The stone arrow hits the salamander!
The salamander is heavily wounded.
The salamander hits you from afar with a +0 trident!
* * * LOW HITPOINT WARNING * * *
You are engulfed in flames.
You resist.
You die...

##≈≈≈≈** # * §≈≈≈≈ * ##
≈)!.≈≈ ###≈ .[. * ##≈≈≈ *
,$.** #≈≈§§ * #N ##☼§§§ *
* ** #.## ### #☼☼§≈≈
**######@###.############
, *,,
#.......§.......######. ,
***
.......§§.§≈≈≈≈.........
*##....§§§§≈§≈≈≈≈§....###
*...p≈≈§≈≈≈§§≈≈≈≈≈§§.## ≈
#....§≈≈§§≈§§≈§≈§.§.# *
....≈≈§≈≈§≈§≈≈≈§...##
#....≈≈§≈§§§≈≈.....# *
*##.....§.≈≈≈≈...###


You could see a hell knight and a salamander (fast).

Vanquished Creatures
  Rupert (D:13)
  Snorg (D:13)
  A vault guard (D:13)
  2 centaur warriors (D:13)
  A two-headed ogre (D:12)
  An ogre mage (D:13)
  A deep elf knight (D:13)
  A salamander mystic (Volcano)
  An unseen horror (D:13)
  A wizard (D:9)
  4 orc knights (Orc:1)
  3 orc sorcerers
  An ugly thing (D:13)
  A salamander (Volcano)
  6 cyclopes
  2 guardian serpents (D:10)
  3 gargoyles
  A hornet (D:12)
  6 trolls
  2 hippogriffs
  6 slime creatures
  8 yaks
  A wraith (D:12)
  Grum (D:8)
  2 humans (D:8)
  A wyvern (D:13)
  A soldier ant (D:13)
  A warg (Orc:1)
  Edmund (D:4)
  2 water moccasins
  5 large abominations (D:9)
  3 porcupines (D:8)
  18 orc warriors
  5 black bears
  3 wolves (D:8)
  7 ice beasts
  10 ogres
  A phantom (D:7)
  6 centaurs
  4 necrophages (D:6)
  2 crocodiles
  3 big kobolds
  9 bullfrogs
  A gnoll sergeant (Orc:1)
  A wyvern skeleton (D:12)
  4 scorpions
  14 killer bees
  13 wights
  2 bullfrog zombies
  3 centaur zombies
  3 howler monkeys
  3 quasits
  7 small abominations (D:9)
  A bullfrog skeleton (D:7)
  10 orc priests
  4 centaur skeletons
  5 hounds
  2 jellies
  Crazy Yiuf (D:3)
  5 iguanas
  Ijyb (D:4)
  Natasha (D:2)
  A merfolk siren (Sewer)
  16 orc wizards
  12 worker ants
  A killer bee zombie (D:6)
  A merfolk avatar (Sewer)
  A hound skeleton (D:7)
  2 howler monkey zombies
  10 adders
  3 gnolls (D:3)
  A howler monkey skeleton (D:7)
  5 river rats
  A white imp (D:8)
  An ooze (D:2)
  2 adder zombies
  4 worms
  2 dart slugs
  12 leopard geckos
  56 orcs
  6 giant cockroaches
  13 hobgoblins
  20 jackals
  33 kobolds
  7 quokkas
  6 ball pythons
  3 bats
  13 frilled lizards
  5 goblins (D:1)
  A jackal skeleton (D:4)
  A leopard gecko zombie (D:8)
  A quokka skeleton (D:10)
  34 rats
495 creatures vanquished.

Vanquished Creatures (others)
  29 fungi (D:8)
  78 plants
107 creatures vanquished.

Grand Total: 602 creatures vanquished

Notes
Turn   | Place    | Note
-------+----------+-------------------------------------------
     0 | D:1      | Irenicus the Deep Dwarf Earth Elementalist began the quest
                  | for the Orb.
     0 | D:1      | Reached XP level 1. HP: 15/15 MP: 3/3
   113 | D:1      | Reached XP level 2. HP: 22/22 MP: 0/4
   188 | D:1      | Reached skill level 5 in Earth Magic
   226 | D:1      | Learned a level 2 spell: Passwall
   543 | D:1      | Reached XP level 3. HP: 28/28 MP: 2/5
   697 | D:2      | Reached skill level 6 in Earth Magic
   962 | D:2      | Reached XP level 4. HP: 36/36 MP: 3/6
  1126 | D:2      | Noticed Natasha
  1131 | D:2      | Killed Natasha
  1131 | D:2      | Reached skill level 7 in Earth Magic
  1264 | D:3      | Found a glowing drain.
  1277 | Sewer    | Entered a sewer
  1306 | Sewer    | Reached XP level 5. HP: 42/42 MP: 2/7
  1364 | Sewer    | Reached skill level 8 in Earth Magic
  1609 | D:3      | Reached skill level 9 in Earth Magic
  1609 | D:3      | Reached XP level 6. HP: 25/49 MP: 1/8
  1797 | D:3      | HP: 18/73 [killer bee (3)]
  1800 | D:3      | Reached skill level 10 in Earth Magic
  1937 | D:3      | Found a broken altar of Ashenzari.
  1947 | D:3      | Reached XP level 7. HP: 13/55 MP: 6/9
  2026 | D:3      | Found a runed translucent door.
  2027 | D:3      | Noticed Crazy Yiuf
  2033 | D:3      | Killed Crazy Yiuf
  2236 | D:4      | Reached skill level 11 in Earth Magic
  2271 | D:4      | Found a staircase to the Ecumenical Temple.
  2277 | Temple   | Entered the Ecumenical Temple
  2296 | Temple   | Became a worshipper of Makhleb the Destroyer
  2332 | D:4      | Noticed Ijyb
  2337 | D:4      | Killed Ijyb
  2337 | D:4      | Reached skill level 2 in Spellcasting
  2341 | D:4      | Irenicus: ?? ring mail
  2341 | D:4      | beem: ring mail[1/1]: 5AC, 7ER.
  2359 | D:4      | HP: 12/55 [worker ant (1)]
  2462 | D:4      | Found a shimmering altar of Xom.
  2469 | D:4      | Reached skill level 3 in Spellcasting
  2469 | D:4      | HP: 11/55 [orc (1)]
  2470 | D:4      | Found a basalt altar of Yredelemnul.
  2690 | D:5      | Entered Level 5 of the Dungeon
  2735 | D:5      | Reached skill level 4 in Spellcasting
  2785 | D:5      | Learned a level 3 spell: Stone Arrow
  2971 | D:5      | Reached * piety under Makhleb
  2986 | D:5      | HP: 10/55 [big kobold (1)]
  2994 | D:5      | HP: 8/55 [big kobold (1)]
  2999 | D:5      | Reached XP level 8. HP: 9/62 MP: 0/14
  3005 | D:5      | HP: 8/62 [kobold/+0 whip (1)]
  3177 | D:5      | Noticed a troll
  3184 | D:5      | Killed a troll
  3184 | D:5      | Reached skill level 5 in Spellcasting
  3356 | D:6      | Found a blossoming altar of Fedhas.
  3370 | D:6      | Reached skill level 6 in Spellcasting
  3374 | D:6      | HP: 5/62 [centaur zombie (4)]
  3387 | D:6      | Reached skill level 7 in Spellcasting
  3578 | D:6      | Identified the cursed +1 leather armour of the Kangaroo
                  | {rPois Str+4} (You found it on level 6 of the Dungeon)
  3597 | D:6      | Reached ** piety under Makhleb
  3621 | D:6      | Reached skill level 1 in Shields
  3662 | D:6      | Reached skill level 2 in Shields
  3664 | D:6      | Gained mutation: You passively map the area around you.
                  | [Deep Dwarf growth]
  3664 | D:6      | Reached XP level 9. HP: 20/68 MP: 5/19
  3706 | D:6      | Reached skill level 3 in Shields
  3919 | D:6      | Reached skill level 4 in Shields
  4007 | D:7      | Found Maitul's Magic Scroll Emporium.
  4027 | D:7      | Reached skill level 1 in Conjurations
  4200 | D:7      | Reached skill level 2 in Conjurations
  4359 | D:7      | Reached skill level 8 in Spellcasting
  4374 | D:7      | Learned a level 1 spell: Apportation
  4384 | D:7      | Reached skill level 1 in Translocations
  4416 | D:7      | Reached *** piety under Makhleb
  4429 | D:7      | Reached skill level 2 in Translocations
  4523 | D:4      | Noticed Edmund
  4529 | D:4      | Killed Edmund
  4587 | D:4      | Found a shimmering altar of Xom.
  4588 | D:4      | Found a shimmering altar of Xom.
  4588 | D:4      | Found a shimmering altar of Xom.
  4589 | D:4      | Found a shimmering altar of Xom.
  4676 | D:6      | You fall into a shaft and drop 3 floors!
  5053 | D:8      | Reached skill level 9 in Spellcasting
  5128 | D:8      | Found a glowing silver altar of Zin.
  5215 | D:8      | Found a snail-covered altar of Cheibriados.
  5221 | D:8      | Found an iron altar of Okawaru.
  5231 | D:8      | Reached XP level 10. HP: 75/75 MP: 6/23
  5302 | D:8      | Identified a scroll of acquirement
  5302 | D:8      | Acquired an uncursed staff of earth
  5373 | D:8      | Found a staircase to the Lair.
  5378 | D:8      | Noticed Grum
  5383 | D:8      | Killed Grum
  5383 | D:8      | Reached skill level 12 in Earth Magic
  5383 | D:8      | Reached skill level 1 in Evocations
  5397 | D:8      | Reached skill level 2 in Evocations
  5406 | D:8      | Reached skill level 1 in Staves
  5534 | D:8      | Reached skill level 3 in Evocations
  5565 | D:8      | Reached skill level 2 in Staves
  5592 | D:8      | Reached skill level 4 in Evocations
  5657 | D:9      | Identified the +8 spear of the Unkillable {vorpal, rPois
                  | Dex+5}
  5691 | D:9      | Learned a level 5 spell: Lee's Rapid Deconstruction
  5706 | D:9      | Reached **** piety under Makhleb
  5710 | D:9      | Reached skill level 1 in Armour
  5711 | D:9      | Found Leutun Ahea's Antique Weapon Emporium.
  5783 | D:9      | Reached skill level 3 in Dodging
  5784 | D:9      | Noticed a cyclops
  5793 | D:9      | Reached skill level 2 in Armour
  5841 | D:9      | HP: 16/75 [cyclops/large rock (10)]
  5869 | D:10     | Entered Level 10 of the Dungeon
  5923 | D:10     | HP: 18/75 [iguana (6)]
  5955 | D:10     | Reached skill level 3 in Armour
  5955 | D:10     | Reached skill level 4 in Dodging
  6034 | D:10     | Reached skill level 4 in Armour
  6034 | D:10     | Reached skill level 5 in Dodging
  6092 | D:10     | Found Vaihear's Weapon Emporium.
  6114 | D:10     | Found a staircase to the Orcish Mines.
  6347 | D:9      | Reached skill level 5 in Armour
  6389 | D:9      | Reached skill level 6 in Dodging
  6403 | D:9      | Found an ancient bone altar of Kikubaaqudgha.
  6459 | D:9      | Found a sparkling altar of Nemelex Xobeh.
  6464 | D:9      | Found a stormy altar of Qazlal.
  6515 | D:9      | Reached XP level 11. HP: 81/81 MP: 11/24
  6596 | D:9      | Noticed a wizard
  6603 | D:9      | Killed a wizard
  6609 | D:9      | Noticed a large abomination
  6611 | D:9      | Reached skill level 13 in Earth Magic
  6612 | D:9      | Killed a large abomination
  6613 | D:9      | Reached ***** piety under Makhleb
  6648 | D:9      | Reached skill level 14 in Earth Magic
  7006 | D:7      | Bought a scroll of acquirement for 676 gold pieces
  7006 | D:7      | Acquired an uncursed amulet of magic regeneration
  7301 | D:11     | Identified the Handbook of Flying Summoning
  7360 | D:11     | Reached skill level 15 in Earth Magic
  7643 | D:12     | Noticed a two-headed ogre
  7650 | D:12     | Killed a two-headed ogre
  7658 | D:12     | Reached skill level 16 in Earth Magic
  7780 | D:12     | Reached XP level 12. HP: 88/88 MP: 2/25
  7869 | D:11     | Reached skill level 17 in Earth Magic
  8276 | D:13     | Noticed Snorg
  8282 | D:13     | Killed Snorg
  8320 | D:13     | Identified the +6 scale mail of Skepticism {Harm +Fly
                  | Stlth+} (You found it on level 13 of the Dungeon)
  8400 | D:13     | Noticed a vault guard
  8413 | D:13     | Reached skill level 18 in Earth Magic
  8509 | D:13     | Noticed a centaur warrior
  8522 | D:13     | Killed a centaur warrior
  8522 | D:13     | Reached skill level 6 in Armour
  8574 | D:13     | Noticed a centaur warrior
  8580 | D:13     | Killed a centaur warrior
  8580 | D:13     | Reached skill level 7 in Armour
  8615 | D:13     | Found a snail-covered altar of Cheibriados.
  8617 | D:13     | Noticed Rupert
  8623 | D:13     | Reached skill level 8 in Armour
  8665 | D:13     | Noticed a vault guard
  8675 | D:13     | Killed Rupert
  8675 | D:13     | Reached skill level 9 in Armour
  8688 | D:13     | Noticed a vault guard
  8692 | D:13     | Reached skill level 10 in Armour
  8694 | D:13     | Killed a vault guard
  8694 | D:13     | Noticed an ogre mage
  8709 | D:13     | Killed an ogre mage
  8718 | D:13     | Reached XP level 13. HP: 66/94 MP: 4/26
  8850 | Orc:1    | Entered Level 1 of the Orcish Mines
  8851 | Orc:1    | Reached skill level 11 in Armour
  8855 | Orc:1    | HP: 14/94 [orc warrior/+0 trident[an orc knight] (18)]
  8965 | Orc:1    | HP: 21/94 [orc warrior/+0 trident[an orc knight] (11)]
  8971 | Orc:1    | HP: 15/94 [orc warrior/+0 long sword[an orc knight] (14)]
  8973 | Orc:1    | HP: 2/94 [orc warrior/+0 glaive[an orc knight] (14)]
  9078 | Orc:1    | Reached skill level 12 in Armour
  9151 | Orc:1    | Reached ****** piety under Makhleb
  9164 | Orc:1    | Found a runed translucent door.
  9166 | Orc:1    | Found a shimmering altar of Xom.
  9166 | Orc:1    | Noticed Mesmaeker13's ghost (journeyman DESu)
  9215 | Orc:1    | HP: 18/94 [orc knight/+2 broad axe (6)]
  9244 | Orc:1    | Found a dark tunnel.
  9257 | Volcano  | Entered a volcano
  9278 | Volcano  | HP: 4/94 [salamander/+0 glaive (14)]
  9278 | Volcano  | HP: 1/94 [salamander/+0 glaive (3)]
  9283 | Volcano  | HP: 18/94 [salamander mystic/bolt of magma (8)]
  9288 | Volcano  | HP: 2/94 [salamander/+0 trident (11)]
  9288 | Volcano  | Slain by a salamander

Illustrated notes

Levels and vault maps discovered:
D:1:      dpeg_arrival_morbid_curiosity, layout_loops_ring, minmay_crystal_room,
          minmay_misc_feat_alley
D:2:      layout_loops_corners, uniq_natasha
D:3:      layout_basic, evilmike_ruin_ashenzari, portal_sewer_entry_e,
          serial_bayou_lagoon_a, palyth_stone_intersect, uniq_crazy_yiuf_cottage
D:4:      layout_loops_ring, xom_redecorated, minmay_temple_entry_fiery,
          minmay_ruined_shrine, uniq_ijyb, uniq_edmund
D:5:      kennysheep_kobold_camp, layout_basic
D:6:      layout_loops_corners, serial_bayou_pond_c, fedhas_altar_decomposition
D:7:      layout_basic, serial_shops, shop
D:8:      layout_basic, kennysheep_mini_moat, overflow_temple_1_default,
          okawaru_humans, due_lair_maze_entry_diamond, uniq_grum
D:9:      layout_basic, lemuel_coloured_pillars_altar, minitemple, serial_shops,
          nicolae_shop_overgrown_old_shop, laboratory
D:10:     nrook_guardian_serpent_snake_passage, layout_basic, orc_0_dummy,
          serial_shops, shop, blue_anna_alchemist [blue_anna_fruit_fields,
          blue_anna_fruit_fields]
D:11:     layout_basic
D:12:     layout_loops_cross, minmay_misc_feat_cross
D:13:     layout_roguey, grunt_vaults_entry_fortified, eino_tiny_chamber,
          minivault_19, lemuel_statue_altar, uniq_rupert, uniq_snorg
Temple:   eino_temple_water
Orc:1:    layout_caves, ebering_ghost_xom, enter_volcano_4, sword_in_stone
Volcano:  volcano_pools

Skill      XL: |  1  2  3  4  5  6  7  8  9 10 11 12 13 |
---------------+----------------------------------------+-----
Earth Magic    | 5 6 7 9 10 11 12 16 18 | 18.0
Spellcasting   | 4 7 9 |  9.5
Shields        | 2 4 |  4.3
Conjurations   | 2 |  2.0
Translocations | 2 |  2.0
Evocations     | 4 |  4.1
Staves         | 2 |  2.3
Armour         | 5 10 12 | 12.0
Dodging        | 6 |  6.5
Stealth        | |  2.4
Transmutations | |  0.8

Action                   |  1- 3 |  4- 6 |  7- 9 | 10-12 | 13-15 || total
-------------------------+-------+-------+-------+-------+-------++-------
Melee: Club              |    28 |       |       |       |       ||    28
       Dagger            |    21 |    37 |       |       |       ||    58
       Spear             |       |   106 |    52 |    96 |    12 ||   266
       Staff             |       |       |       |   134 |       ||   134
Throw: Boomerang         |     2 |     3 |     6 |       |       ||    11
       Javelin           |     1 |     1 |     3 |     1 |       ||     6
       Dart              |       |       |     4 |     1 |     2 ||     7
 Cast: Sandblast         |    44 |    79 |   186 |   105 |    45 ||   459
       Passwall          |     6 |     5 |    37 |    30 |     2 ||    80
       Stone Arrow       |       |       |    47 |   162 |    54 ||   263
       Apportation       |       |       |     1 |    14 |     1 ||    16
       Lee's Rapid Decon |       |       |       |    19 |     3 ||    22
 Abil: Heal Wounds       |       |       |       |       |     1 ||     1
Evoke: Tin of tremorston |       |       |       |     3 |     3 ||     6
       Wand              |       |       |       |       |    20 ||    20
  Use: Scroll            |     1 |     4 |     6 |    13 |     2 ||    26
       Potion            |       |     1 |     2 |     1 |     2 ||     6
 Stab: Sleeping          |     2 |     4 |       |       |       ||     6
Armor: Robe              |     7 |       |       |       |       ||     7
       Ring mail         |    28 |    51 |    26 |    81 |       ||   186
       Skin              |       |    27 |    50 |       |       ||    77
       Scale mail        |       |       |       |    15 |    35 ||    50
Dodge: Dodged            |    48 |    89 |    80 |   187 |    39 ||   443
Block: Buckler           |       |       |    20 |    67 |    16 ||   103

Table legend: (Time is in decaauts)
 A = Elapsed time spent in this place.
 B = Non-inter-level travel time spent in this place.
 C = Inter-level travel time spent in this place.
 D = Time resting spent in this place.
 E = Time spent auto-exploring this place.
 F = Levels seen in this place.
 G = Mean time per level.
                   A        B        C        D        E       F      G
               +--------+--------+--------+--------+--------+-----+--------+
         Total |   9382 |   9339 |     43 |     20 |      0 |  17 |  551.9 |
       Dungeon |   8600 |   8557 |     43 |     20 |      0 |  13 |  661.5 |
        Temple |     37 |     37 |      0 |      0 |      0 |   1 |   37.0 |
  Orcish Mines |    407 |    407 |      0 |      0 |      0 |   1 |  407.0 |
         Sewer |    305 |    305 |      0 |      0 |      0 |   1 |  305.0 |
       Volcano |     30 |     30 |      0 |      0 |      0 |   1 |   30.0 |
               +--------+--------+--------+--------+--------+-----+--------+

Top non-repeatable levels by time:
     D:8: 860 daAuts
    D:10: 855 daAuts
     D:9: 779 daAuts
     D:5: 684 daAuts
     D:6: 673 daAuts
     D:3: 662 daAuts
     D:4: 656 daAuts
     D:7: 649 daAuts
     D:1: 634 daAuts
     D:2: 612 daAuts
    D:11: 547 daAuts
    D:12: 498 daAuts
    D:13: 485 daAuts
   Orc:1: 407 daAuts
   Sewer: 305 daAuts

Table legend:
 A = Kills in this place as a percentage of kills in entire the game.
 B = Kills by you in this place as a percentage of kills by you in the entire game.
 C = Kills by friends in this place as a percentage of kills by friends in the entire game.
 D = Other kills in this place as a percentage of other kills in the entire game.
 E = Experience gained in this place as a percentage of experience gained in the entire game.
 F = Experience gained in this place divided by the number of levels of this place that you have seen.
                   A       B       C       D       E      F
               +-------+-------+-------+-------+-------+----------------------
         Total | 100.0 | 100.0 |   N/A |   N/A | 100.0 | 2816.1
       Dungeon |  81.8 |  81.8 |   N/A |   N/A |  80.7 | 2970.9
  Orcish Mines |   9.7 |   9.7 |   N/A |   N/A |  16.2 | 7763.0
         Sewer |   8.1 |   8.1 |   N/A |   N/A |   0.4 | 175.0
       Volcano |   0.4 |   0.4 |   N/A |   N/A |   2.7 | 1313.0
               +-------+-------+-------+-------+-------+----------------------
